 Dungeon Crawl Stone Soup version 0.18-a0-1171-ga8e22e7 (webtiles) character file.

7 4thArraOfDagon the Caller (level 1, -9/18 HPs)
             Began as a Deep Dwarf Summoner on Jan 26, 2016.
             Killed from afar by a steam dragon (18 damage)
             ... with a ball of steam
             ... on level 8 of the Dungeon.
             The game lasted 00:02:53 (441 turns).

4thArraOfDagon the Caller (Deep Dwarf Summoner)      Turns: 441, Time: 00:02:53

Health: -9/18      AC:  3    Str: 11    XL:     1   Next: 91%
Magic:  3/3        EV: 12    Int: 15    God:
Gold:   35         SH:  0    Dex: 13    Spells: 1 memorised, 2 levels left

rFire  . . .     SeeInvis .     (no weapon)
rCold  . . .     Gourm    .     a - +0 robe
rNeg   . . .     Faith    .     (no shield)
rPois  .         Spirit   .     (no helmet)
rElec  .         Dismiss  .     (no cloak)
rCorr  +         Reflect  .     (no gloves)
SustAt .         Harm     +     j - +0 pair of boots
MR     .....                    f - amulet of harm
Stlth  ++........               (no ring)
                                l - ring of resist corrosion

@: non-regenerating, not resistant to hostile enchantments, unstealthy
A: damage resistance, recharge devices, sense surroundings 1, slow regeneration
3
a: Device Recharging


You were on level 8 of the Dungeon.
You were not hungry.

You visited 1 branch of the dungeon, and saw 8 of its levels.

You collected 35 gold pieces.

Inventory:

Armour
 a - a +0 robe (worn)
 g - a +0 plate armour
 j - a +0 pair of boots (worn)
Jewellery
 f - an amulet of harm (around neck)
 l - a ring of resist corrosion (left hand)
Wands
 c - a wand of heal wounds (5/9)
Scrolls
 i - a scroll of teleportation {unknown}
 k - a scroll of vulnerability {unknown}
Potions
 e - a potion of cancellation
Books
 b - a book of Callings

   Spells                             Type                      Level
   a - Summon Small Mammal            Summoning                    1
   b - Call Imp                       Summoning                    2
   c - Call Canine Familiar           Summoning                    3
   d - Summon Guardian Golem          Hexes/Summoning              3
   e - Summon Lightning Spire         Summoning/Air                4
   f - Summon Ice Beast               Ice/Summoning                4
 h - a book of Annihilations

   Spells                             Type                      Level
   a - Poison Arrow                   Conjuration/Poison           6
   b - Chain Lightning                Conjuration/Air              8
   c - Lehudib's Crystal Spear        Conjuration/Earth            8
   d - Glaciate                       Conjuration/Ice              9
   e - Fire Storm                     Conjuration/Fire             9
Comestibles
 d - a bread ration
 m - 3 fruits


   Skills:
 + Level 1.4 Fighting
 - Level 2.1 Dodging
 - Level 2.4 Stealth
 - Level 1.7 Spellcasting
 - Level 3.6 Summonings


You had 2 spell levels left.
You knew the following spells:

 Your Spells              Type           Power        Failure   Level  Hunger
a - Summon Small Mammal   Summ           ##..         6%          1    ##.....


Dungeon Overview and Level Annotations

Branches:
Dungeon (8/15)
 Temple: D:4-7         Lair: D:8-11

Altars:
Kikubaaqudgha


Innate Abilities, Weirdness & Mutations

You are resistant to damage.
You can recharge devices by infusing magical energy.
You passively map a small area around you.
You do not regenerate naturally.


Message History

You climb upwards.
You hear the roar of battle.
There is an entrance to a bailey on this level.
Hurry and find it before the portal closes forever!
There is a stone staircase leading down here.
Found a whip.
Unknown command.
Unknown command.
You see here a whip.
Found 3 fruits.
Found a stone staircase leading down.
A phantom comes into view.
You see here 3 fruits.
m - 3 fruits
There is a stone staircase leading down here.
You climb downwards.
A steam dragon and a worker ant come into view.
The steam dragon breathes steam at you. The ball of steam hits you!
Ouch! That really hurt!
You die...

#.....#.#* *
#.....#.######.
,
#.............#
#.............#
............# ,
..........# ,
*#....a...# ,
,+.@D..(..# ,
#........# ,
#........# *
##.###.##., * ,
... .# , * *
#.# * # , ... ,
, ,* ... * ,* ,
, , , ,


You could see a steam dragon and a worker ant (sleeping).

Vanquished Creatures (collateral kills)
  An adder (D:8)
  An orc (D:3)
  A giant cockroach (D:4)
  A ball python (D:3)
4 creatures vanquished.

Notes
Turn   | Place    | Note
--------------------------------------------------------------
     0 | D:1      | 4thArraOfDagon the Deep Dwarf Summoner began the quest for the Orb.
     0 | D:1      | Reached XP level 1. HP: 15/15 MP: 3/3
     4 | D:1      | You fall through a shaft!
    70 | D:2      | Found an ancient bone altar of Kikubaaqudgha.
   151 | D:4      | Noticed a worker ant
   216 | D:5      | Entered Level 5 of the Dungeon
   240 | D:6      | Noticed a hound
   330 | D:5      | You fall through a shaft for 3 floors!
   374 | D:8      | Reached skill level 1 in Fighting
   435 | D:7      | Noticed a phantom
   441 | D:8      | Noticed a worker ant
   441 | D:8      | Noticed a steam dragon
   441 | D:8      | Killed from afar by a steam dragon

Vault maps used:
D:1:      shiori_arrival_oz
D:2:      kiku_gazebo_garden_becter, lemuel_coloured_pillars_altar, first_bread,
          uniq_robin
D:4:      ashenzari_altar_1
D:5:      portal_sewer_entry_b, grunt_gozag_breadcrumbs, uniq_pikel
D:6:      basic_altar, uniq_blork_the_orc
D:7:      kennysheep_little_box, minmay_temple_entry_glass, enter_bailey_2,
          uniq_menkaure
D:8:      lair_0_dummy, the_bakery, okawaru_humans

Action                   || total
-------------------------++-------
Melee: Unarmed           ||     8
 Cast: Summon Small Mamm ||    12
  Use: Scroll            ||     4
